 Dungeon Crawl Stone Soup version 0.31-a0-506-g3d79149578 (webtiles) character file.

Game seed: 12264037740408899097

42 GordonOverkill the Sneak (level 3, -6/26 HPs)
             Began as an Octopode Delver on Aug 9, 2023.
             Was an Initiate of Vehumet.
             Mangled by Eustachio
             ... wielding a +0 rapier
              (7 damage)
             ... on level 5 of the Dungeon.
             The game lasted 00:04:10 (941 turns).

GordonOverkill the Sneak (Octopode Delver)           Turns: 941, Time: 00:04:10

Health: -6/26      AC:  1    Str: 11    XL:     3   Next: 56%
Magic:  3/3        EV: 13    Int: 14    God:    Vehumet [......]
Gold:   32         SH:  0    Dex: 13    Spells: 2/2 levels left

rFire   . . .        a - +0 short sword
rCold   . . .        (no shield)
rNeg    . . .        (helmet restricted)
rPois   .            (no amulet)
rElec   .            (no ring)
rCorr   .            (no ring)
SInv    .            (no ring)
Will    .....        (no ring)
Stlth   +++          (no ring)
HPRegen 0.24/turn    (no ring)
MPRegen 0.08/turn    (no ring)
                     (no ring)

%: no passive effects
@: silenced
A: almost no armour, amphibious, 8 rings, camouflage 1, gelatinous body 1,
(nimble swimmer 1), tentacles
a: Renounce Religion


You were on level 5 of the Dungeon.
You worshipped Vehumet.
Vehumet was noncommittal.
You visited 2 branches of the dungeon, and saw 3 of its levels.

You collected 32 gold pieces.

Inventory:

Hand Weapons
 a - a +0 short sword (weapon)
Missiles
 j - 5 poisoned darts
Wands
 f - a wand of digging (1)
 h - a wand of flame (11)
Scrolls
 b - a scroll of fog
 d - a scroll of fear
 k - a scroll of poison {unknown}
Potions
 c - 4 potions of curing
 e - a potion of haste


   Skills:
 - Level 3.0 Fighting
 + Level 3.8 Short Blades
 - Level 2.0 Dodging
 - Level 6.6 Stealth


You had 2 spell levels left.
You didn't know any spells.
Your spell library was empty.

Dungeon Overview and Level Annotations

Branches:
Dungeon (5/15)             Temple (1/1) D:4

Altars:
Ashenzari
Cheibriados
Dithmenos
Fedhas
Gozag
Hepliaklqana
Makhleb
Okawaru
Ru
Sif Muna
Uskayaw
Vehumet
Xom
Yredelemnul
Zin
The Shining One

Annotations:
D:5 Eustachio


Innate Abilities, Weirdness & Mutations

You cannot wear most types of armour.
You are amphibious.
You can wear up to eight rings at the same time.
Your skin changes colour to match your surroundings (Stealth+).
Your rubbery body absorbs attacks. (AC +1, EV +1)
((You are camouflaged when in or above water. (Stealth+)))
You have tentacles for arms and can constrict up to eight enemies at once.


Message History

Eustachio hits you with a +0 rapier!
You closely miss Eustachio. You grab Eustachio.
You constrict Eustachio, but do no damage.
You barely miss Eustachio. You constrict Eustachio.
Eustachio barely misses you.
You hit Eustachio but do no damage. You squeeze Eustachio.
Eustachio is lightly wounded.
You constrict Eustachio, but do no damage.
Eustachio closely misses you.
You hit Eustachio but do no damage.
Eustachio is lightly wounded.
You constrict Eustachio, but do no damage.
You hit Eustachio but do no damage.
You squeeze Eustachio, but do no damage.
Eustachio is lightly wounded.
You constrict Eustachio. Eustachio closely misses you.
You hit Eustachio. You squeeze Eustachio.
Eustachio is moderately wounded.
You constrict Eustachio. The iguana closely misses you.
Eustachio closely misses you.
You hit Eustachio.
Eustachio is moderately wounded.
You constrict Eustachio, but do no damage.
Eustachio completely misses you. The iguana bites you!
Ouch! That really hurt!
* * * LOW HITPOINT WARNING * * *
You hit Eustachio but do no damage.
Eustachio is moderately wounded.
You constrict Eustachio, but do no damage.
The iguana barely misses you. Eustachio closely misses you.
You barely miss Eustachio.
You tentacle-slap Eustachio, but do no damage.
Eustachio is moderately wounded.
You constrict Eustachio. You completely miss Eustachio. You squeeze Eustachio!
Eustachio is heavily wounded.
You constrict Eustachio. Something hits you.
* * * LOW HITPOINT WARNING * * *
Eustachio hits you with a +0 rapier!
You die...

,,,*,* ***##*##..##.#.#
,,,*,***,,,.#**.....#@#
,,,*,**,,,,,.#*#.####.#
,,,*,+,,,,,,,.##.####.#
,,,*,*,,,,,,,,'..<.##5#
,,,*,*,,,,,,,,+..#.##.#
,***+*,,,,,,,,##o#.##.#
**,,,**,,,,,,##.l.....#
,,,,,,*#....##..@#....#
,,,,,,,######...@#..#.#
,,,,,,,.#.....##.#.#####
,,,,,,,##.....##.#.....#
,,,,,,###.##..##.#####.#
**,,,*#................#
*****##..###....#....##
#..###..#.#.##.#
#.<####.#.#.##.#


You could see Eustachio, an iguana and an orc.

Vanquished Creatures
  A jelly (D:4)
  An endoplasm (D:4)
  A giant cockroach (D:4)
  A hobgoblin (D:4)
  2 jackals (D:4)
  2 quokkas (D:4)
  3 kobolds (D:4)
11 creatures vanquished.

Notes
Turn   | Place    | Note
-------+----------+-------------------------------------------
     0 | D:5      | GordonOverkill the Octopode Delver began the quest for the
                  | Orb.
     0 | D:5      | Reached XP level 1. HP: 16/16 MP: 1/1
    18 | D:5      | Noticed an orc wizard
    59 | D:5      | Noticed Eustachio
    63 | D:5      | Noticed a crimson imp
    63 | D:5      | Noticed a quasit
   170 | D:4      | Noticed a jelly
   177 | D:4      | Killed a jelly
   178 | D:4      | Reached XP level 2. HP: 16/21 MP: 2/2
   178 | D:4      | Reached XP level 3. HP: 21/26 MP: 3/3
   613 | D:4      | Found a staircase to the Ecumenical Temple.
   622 | Temple   | Entered the Ecumenical Temple
   643 | Temple   | Became a worshipper of Vehumet
   713 | D:4      | Identified the scarf of Fennox {+Inv, rPois rCorr}
   941 | D:5      | HP: 1/26 [something (3)]
   941 | D:5      | Mangled by Eustachio

Illustrated notes

Levels and vault maps discovered:
D:4:      layout_gridville, minmay_temple_entry_statues_fountains
D:5:      minmay_polygon_palace, layout_basic, enter_ossuary_3, uniq_eustachio
Temple:   nicolae_temple_slightly_damp_pantheon

Skill      XL: |  1 |
---------------+----+-----
Short Blades   | 3 |  3.8
Fighting       | |  3.0
Dodging        | |  2.0
Stealth        | |  6.6

Action                     || total
---------------------------++-------
  Melee: Short sword       ||    37
         Tentacles         ||     9
         Constrict         ||     7
         Punch             ||     2
  Evoke: Wand              ||     3
    Use: Scroll            ||     4
   Stab: Sleeping          ||     2
 Armour: Skin              ||     1
  Dodge: Dodged            ||    24

Table legend: (Time is in decaauts)
 A = Elapsed time spent in this place.
 B = Non-inter-level travel time spent in this place.
 C = Inter-level travel time spent in this place.
 D = Time resting spent in this place.
 E = Time spent auto-exploring this place.
 F = Levels seen in this place.
 G = Mean time per level.
                   A        B        C        D        E       F      G
               +--------+--------+--------+--------+--------+-----+--------+
         Total |    936 |    862 |     74 |    156 |      0 |   3 |  312.0 |
       Dungeon |    893 |    859 |     34 |    156 |      0 |   2 |  446.5 |
        Temple |     42 |      2 |     40 |      0 |      0 |   1 |   42.0 |
               +--------+--------+--------+--------+--------+-----+--------+

Top non-repeatable levels by time:
     D:4: 729 daAuts
     D:5: 163 daAuts
  Temple: 42 daAuts
